3AA
FT. POLK SOUTH THUNDER HAWKS @ SAN BERNARDINO GRASSHOPPERS
09/22/2032
 
TOP OF THE 1ST
Ft. Polk South Thunder Hawks batting - Pitching for San Bernardino Grasshoppers : LHP Felipe Casanova
Pitching: LHP Felipe Casanova
Batting: RHB Chris Walters 0-0: Ball
1-0: Ball
2-0: Ball
3-0: Called Strike
3-1: Foul Ball, location: 2F
3-2: SOLO HOME RUN (Flyball, 78XD), Distance : 409 ft
Batting: LHB Shohei Otani 0-0: Ball
1-0: Foul Ball, location: 2F
1-1: Swinging Strike
1-2: Foul Ball, location: 2F
1-2: Ground out 4-3 (Groundball, 4MS)
Batting: RHB Qu-bing Thien 0-0: Called Strike
0-1: Swinging Strike
0-2: Strikes out swinging
Batting: RHB Jon Moon 0-0: Swinging Strike
0-1: Ball
1-1: Ball
2-1: Foul Ball, location: 2F
2-2: Foul Ball, location: 2F
2-2: Strikes out swinging
Top of the 1st over - 1 run, 1 hit, 0 errors, 0 left on base; Ft. Polk South 1 - San Bernardino 0
BOTTOM OF THE 1ST
San Bernardino Grasshoppers batting - Pitching for Ft. Polk South Thunder Hawks : RHP Ramón Solís
Pitching: RHP Ramón Solís
Batting: LHB Jesús Hernández 0-0: Ball
1-0: Foul Ball, location: 2F
1-1: Ball
2-1: Swinging Strike
2-2: Foul Ball, location: 2F
2-2: Ball
3-2: Base on Balls
Batting: RHB Reinaart Manshert 0-0: Grounds into double play, 6-4-3 (Groundball, 6)
Batting: RHB Cisco Feijoo 0-0: Fly out, F9 (Flyball, 89S)
Bottom of the 1st over - 0 runs, 0 hits, 0 errors, 0 left on base; Ft. Polk South 1 - San Bernardino 0
TOP OF THE 2ND
Ft. Polk South Thunder Hawks batting - Pitching for San Bernardino Grasshoppers : LHP Felipe Casanova
Batting: RHB Jimbob Ghostkeeper 0-0: Ball
1-0: DOUBLE (Line Drive, 78XD)
Batting: RHB Sigi Lang 0-0: Fly out, F9 (Line Drive, 9)
Batting: RHB Aaron Dixon 0-0: Called Strike
0-1: Ball
1-1: Called Strike
1-2: Ball
Wild Pitch!
Jimbob Ghostkeeper to third
2-2: Ball
3-2: Foul Ball, location: 2F
3-2: Ground out 4-3 (Groundball, 4S)
Jimbob Ghostkeeper scores
Batting: RHB Pedro Larate 0-0: Ball
1-0: Swinging Strike
1-1: Ball
2-1: Ball
3-1: Base on Balls
Batting: RHB Yasuhide Nakashima 0-0: Called Strike
0-1: Ball
Pedro Larate steals 2nd base
1-1: Reached on error, E3 (Groundball, 3)
Pedro Larate to third
Batting: RHB Chris Walters 0-0: Foul Ball, location: 2F
0-1: Ball
1-1: Foul Ball, location: 2F
1-2: Ball
2-2: Ball
3-2: Base on Balls
Yasuhide Nakashima to second
Batting: LHB Shohei Otani 0-0: Ball
1-0: Fly out, F3 (Line Drive, 34S)
Top of the 2nd over - 1 run, 1 hit, 1 error, 3 left on base; Ft. Polk South 2 - San Bernardino 0
BOTTOM OF THE 2ND
San Bernardino Grasshoppers batting - Pitching for Ft. Polk South Thunder Hawks : RHP Ramón Solís
Batting: LHB Víctor Fortis 0-0: Called Strike
0-1: SINGLE (Groundball, 6MD)
Batting: RHB Jouo Hirschovits 0-0: Foul Ball, location: 2F
0-1: Ball
1-1: Fly out, F3 (Popup, 23)
Batting: RHB Ronald Comejo 0-0: Ball
1-0: Ball
2-0: Ball
3-0: Base on Balls
Víctor Fortis to second
Batting: LHB Luis García 0-0: SINGLE (Line Drive, 34D)
Víctor Fortis to third
Ronald Comejo to second
Runner from 3rd tries for Home, SAFE, no throw
Batting: RHB Edgardo Bello 0-0: Ball
1-0: Ball
2-0: Called Strike
2-1: Swinging Strike
2-2: SINGLE (Line Drive, 78S)
Ronald Comejo to third
Luis García to second
Batting: RHB John Clark 0-0: Ball
1-0: Foul Ball, location: 2F
1-1: Foul Ball, location: 2F
1-2: Fly out, F8 (Flyball, 8LD)
Runner from 3rd tags up, SCORES, throw made
Batting: LHB Jesús Hernández 0-0: 3-RUN HOME RUN (Flyball, 9LD), Distance : 357 ft
Batting: RHB Reinaart Manshert 0-0: Fly out, F3 (Popup, 34)
Bottom of the 2nd over - 5 runs, 4 hits, 0 errors, 0 left on base; Ft. Polk South 2 - San Bernardino 5
TOP OF THE 3RD
Ft. Polk South Thunder Hawks batting - Pitching for San Bernardino Grasshoppers : LHP Felipe Casanova
Batting: RHB Qu-bing Thien 0-0: Ball
1-0: Ball
2-0: Ball
3-0: Called Strike
3-1: SINGLE (Groundball, 34D)
Batting: RHB Jon Moon 0-0: Ball
1-0: Fly out, F7 (Flyball, 7S)
Batting: RHB Jimbob Ghostkeeper 0-0: Ball
1-0: Ball
2-0: Ball
3-0: Called Strike
3-1: Fly out, F8 (Flyball, 78D)
Batting: RHB Sigi Lang 0-0: Called Strike
0-1: Ball
1-1: Foul Ball, location: 2F
1-2: Fielders Choice at 2nd, 5-4 (Groundball, 5)
Top of the 3rd over - 0 runs, 1 hit, 0 errors, 1 left on base; Ft. Polk South 2 - San Bernardino 5
BOTTOM OF THE 3RD
San Bernardino Grasshoppers batting - Pitching for Ft. Polk South Thunder Hawks : RHP Ramón Solís
Batting: RHB Cisco Feijoo 0-0: Ball
1-0: Fly out, F8 (Flyball, 8LXD)
Batting: LHB Víctor Fortis 0-0: Ball
1-0: Foul Ball, location: 2F
1-1: Ground out 5-3 (Groundball, 5)
Batting: RHB Jouo Hirschovits 0-0: Ball
1-0: Called Strike
1-1: Ball
2-1: Ball
3-1: Base on Balls
Batting: RHB Ronald Comejo 0-0: Fly out, F9 (Line Drive, 9)
Bottom of the 3rd over - 0 runs, 0 hits, 0 errors, 1 left on base; Ft. Polk South 2 - San Bernardino 5
TOP OF THE 4TH
Ft. Polk South Thunder Hawks batting - Pitching for San Bernardino Grasshoppers : LHP Felipe Casanova
Batting: RHB Aaron Dixon 0-0: Swinging Strike
0-1: Swinging Strike
0-2: Strikes out swinging
Batting: RHB Pedro Larate 0-0: Ball
1-0: Ground out 5-3 (Groundball, 25)
Batting: RHB Yasuhide Nakashima 0-0: Called Strike
0-1: Ball
1-1: Swinging Strike
1-2: Foul Ball, location: 2F
1-2: Strikes out swinging
Top of the 4th over - 0 runs, 0 hits, 0 errors, 0 left on base; Ft. Polk South 2 - San Bernardino 5
BOTTOM OF THE 4TH
San Bernardino Grasshoppers batting - Pitching for Ft. Polk South Thunder Hawks : RHP Ramón Solís
Batting: LHB Luis García 0-0: Called Strike
0-1: Swinging Strike
0-2: Strikes out swinging
Batting: RHB Edgardo Bello 0-0: Foul Ball, location: 2F
0-1: SOLO HOME RUN (Flyball, 7D), Distance : 383 ft
Batting: RHB John Clark 0-0: Swinging Strike
0-1: Ball
1-1: Foul Ball, location: 2F
1-2: Strikes out swinging
Batting: LHB Jesús Hernández 0-0: Called Strike
0-1: Ball
1-1: Swinging Strike
1-2: Strikes out swinging
Bottom of the 4th over - 1 run, 1 hit, 0 errors, 0 left on base; Ft. Polk South 2 - San Bernardino 6
TOP OF THE 5TH
Ft. Polk South Thunder Hawks batting - Pitching for San Bernardino Grasshoppers : LHP Felipe Casanova
Batting: RHB Chris Walters 0-0: Ball
1-0: Foul Ball, location: 2F
1-1: Ball
2-1: Swinging Strike
2-2: Foul Ball, location: 2F
2-2: Foul Ball, location: 2F
2-2: Foul Ball, location: 2F
2-2: Foul Ball, location: 2F
2-2: Strikes out swinging
Batting: LHB Shohei Otani 0-0: DOUBLE (Flyball, 89D)
Batting: RHB Qu-bing Thien 0-0: Fly out, F8 (Flyball, 8RXD)
Runner from 2nd tags up, SAFE at 3rd, no throw
Batting: RHB Jon Moon 0-0: Called Strike
0-1: Foul Ball, location: 2F
0-2: Ball
1-2: Foul Ball, location: 2F
1-2: Fly out, F7 (Flyball, 78M)
Top of the 5th over - 0 runs, 1 hit, 0 errors, 1 left on base; Ft. Polk South 2 - San Bernardino 6
BOTTOM OF THE 5TH
San Bernardino Grasshoppers batting - Pitching for Ft. Polk South Thunder Hawks : RHP Ramón Solís
Batting: RHB Reinaart Manshert 0-0: Called Strike
0-1: Ball
1-1: Fly out, F7 (Flyball, 7LS)
Batting: RHB Cisco Feijoo 0-0: Ball
1-0: DOUBLE (Flyball, 78D)
Batting: LHB Víctor Fortis 0-0: Ball
1-0: Foul Ball, location: 2F
1-1: Ball
2-1: Foul Ball, location: 2F
2-2: Foul Ball, location: 2F
2-2: 2-RUN HOME RUN (Flyball, 8LXD), Distance : 439 ft
Batting: RHB Jouo Hirschovits 0-0: Ball
1-0: Ball
2-0: Called Strike
2-1: Foul Ball, location: 2F
2-2: Ball
3-2: Foul Ball, location: 2F
3-2: SINGLE (Groundball, 56D)
Pitching: RHP Sima Babic
Batting: RHB Ronald Comejo 0-0: Ball
1-0: Foul Ball, location: 2F
1-1: Swinging Strike
1-2: Strikes out swinging
Jouo Hirschovits steals 2nd base
Batter strikes out.
Batting: LHB Luis García 0-0: Ball
1-0: Ball
2-0: Ball
3-0: Base on Balls
Batting: RHB Edgardo Bello 0-0: Ball
1-0: Ball
2-0: Ball
3-0: Called Strike
3-1: Foul Ball, location: 2F
3-2: Fly out, F8 (Flyball, 8LS)
Bottom of the 5th over - 2 runs, 3 hits, 0 errors, 2 left on base; Ft. Polk South 2 - San Bernardino 8
TOP OF THE 6TH
Ft. Polk South Thunder Hawks batting - Pitching for San Bernardino Grasshoppers : LHP Felipe Casanova
Batting: RHB Jimbob Ghostkeeper 0-0: Swinging Strike
0-1: Called Strike
0-2: Strikes out swinging
Batting: RHB Sigi Lang 0-0: Called Strike
0-1: Ball
1-1: Called Strike
1-2: Ball
2-2: SINGLE (Flyball, 9S)
Pitching: RHP Jaime Puga
Batting: RHB Aaron Dixon 0-0: Swinging Strike
0-1: Foul Ball, location: 2F
0-2: Ball
1-2: Fly out, F8 (Flyball, 8LXD)
Runner from 1st tags up, SAFE at 2nd
Batting: RHB Pedro Larate 0-0: Foul Ball, location: 2F
0-1: Ground out 6-3 (Groundball, 6)
Top of the 6th over - 0 runs, 1 hit, 0 errors, 1 left on base; Ft. Polk South 2 - San Bernardino 8
BOTTOM OF THE 6TH
San Bernardino Grasshoppers batting - Pitching for Ft. Polk South Thunder Hawks : RHP Sima Babic
Batting: RHB John Clark 0-0: Ball
1-0: Ground out 6-3 (Groundball, 6)
Batting: LHB Jesús Hernández 0-0: Foul Ball, location: 2F
0-1: Ball
1-1: Foul Ball, location: 2F
1-2: Foul Ball, location: 2F
1-2: Ground out U3 (Groundball, 3)
Batting: RHB Reinaart Manshert 0-0: SINGLE (Groundball, 56D)
Batting: RHB Cisco Feijoo 0-0: Called Strike
0-1: Ball
1-1: Fielders Choice at 2nd, 5-4 (Groundball, 56)
Bottom of the 6th over - 0 runs, 1 hit, 0 errors, 1 left on base; Ft. Polk South 2 - San Bernardino 8
TOP OF THE 7TH
Ft. Polk South Thunder Hawks batting - Pitching for San Bernardino Grasshoppers : RHP Jaime Puga
Batting: RHB Yasuhide Nakashima 0-0: Called Strike
0-1: Foul Ball, location: 2F
0-2: Ball
1-2: Strikes out swinging
Batting: RHB Chris Walters 0-0: Ball
1-0: SOLO HOME RUN (Flyball, 89XD), Distance : 410 ft
Batting: LHB Shohei Otani 0-0: Ball
1-0: Ball
2-0: Called Strike
2-1: Ball
3-1: Called Strike
3-2: Ground out 3-1 (Groundball, 3S)
Batting: RHB Qu-bing Thien 0-0: Called Strike
0-1: Foul Ball, location: 2F
0-2: Ball
1-2: Ball
2-2: SINGLE (Line Drive, 6M)
Batting: RHB Jon Moon 0-0: Called Strike
0-1: Foul Ball, location: 2F
0-2: Fly out, F9 (Flyball, 89S)
Top of the 7th over - 1 run, 2 hits, 0 errors, 1 left on base; Ft. Polk South 3 - San Bernardino 8
BOTTOM OF THE 7TH
San Bernardino Grasshoppers batting - Pitching for Ft. Polk South Thunder Hawks : RHP Sima Babic
Batting: LHB Víctor Fortis 0-0: Called Strike
0-1: Ball
1-1: Called Strike
1-2: Fly out, F8 (Flyball, 78M)
Batting: RHB Jouo Hirschovits 0-0: Called Strike
0-1: Ball
1-1: Ball
2-1: Foul Ball, location: 2F
2-2: Ball
3-2: Base on Balls
Batting: RHB Ronald Comejo 0-0: Ball
1-0: Called Strike
1-1: Ball
2-1: Swinging Strike
2-2: Foul Ball, location: 2F
2-2: Strikes out looking
Batting: LHB Luis García 0-0: Foul Ball, location: 2F
0-1: Swinging Strike
0-2: Ball
1-2: Foul Ball, location: 2F
1-2: Ground out U3 (Groundball, 34)
Bottom of the 7th over - 0 runs, 0 hits, 0 errors, 1 left on base; Ft. Polk South 3 - San Bernardino 8
TOP OF THE 8TH
Ft. Polk South Thunder Hawks batting - Pitching for San Bernardino Grasshoppers : RHP Jaime Puga
Batting: RHB Jimbob Ghostkeeper 0-0: Ball
1-0: Ground out 6-3 (Groundball, 6)
Batting: RHB Sigi Lang 0-0: Swinging Strike
0-1: Ball
1-1: Fly out, F8 (Flyball, 8LD)
Batting: RHB Aaron Dixon 0-0: SINGLE (Flyball, 7S)
Batting: RHB Pedro Larate 0-0: Ball
1-0: Foul Ball, location: 2F
1-1: Ground out 3-1 (Groundball, 34S)
Top of the 8th over - 0 runs, 1 hit, 0 errors, 1 left on base; Ft. Polk South 3 - San Bernardino 8
BOTTOM OF THE 8TH
San Bernardino Grasshoppers batting - Pitching for Ft. Polk South Thunder Hawks : RHP Sima Babic
Batting: RHB Edgardo Bello 0-0: Ball
1-0: Foul Ball, location: 2F
1-1: Ball
2-1: Foul Ball, location: 2F
2-2: Foul Ball, location: 2F
2-2: Ground out 4-3 (Groundball, 34)
Batting: RHB John Clark 0-0: Ball
1-0: Foul Ball, location: 2F
1-1: DOUBLE (Flyball, 8LD)
Batting: LHB Jesús Hernández 0-0: Called Strike
0-1: Ball
1-1: Fly out, F7 (Flyball, 78M)
Pitching: RHP Octávio Valdéz
Batting: RHB Reinaart Manshert 0-0: Ball
1-0: SINGLE (Groundball, 6MS) (infield hit)
John Clark to third
Batting: RHB Cisco Feijoo 0-0: Ball
1-0: Ball
2-0: Called Strike
2-1: Fielders Choice at 2nd, 6-4 (Groundball, 6)
Bottom of the 8th over - 0 runs, 2 hits, 0 errors, 2 left on base; Ft. Polk South 3 - San Bernardino 8
TOP OF THE 9TH
Ft. Polk South Thunder Hawks batting - Pitching for San Bernardino Grasshoppers : RHP Jaime Puga
Batting: RHB Yasuhide Nakashima 0-0: Ball
1-0: Foul Ball, location: 2F
1-1: Ground out 4-3 (Groundball, 4)
Batting: RHB Chris Walters 0-0: Foul Ball, location: 2F
0-1: Ball
1-1: Ball
2-1: Foul Ball, location: 2F
2-2: Ball
3-2: Foul Ball, location: 2F
3-2: Base on Balls
Batting: LHB Shohei Otani 0-0: Ball
1-0: Foul Ball, location: 2F
1-1: SINGLE (Groundball, 3D)
Chris Walters to second
Batting: RHB Qu-bing Thien 0-0: Called Strike
0-1: Foul Ball, location: 2F
0-2: Foul Ball, location: 2F
0-2: Foul Ball, location: 2F
0-2: Ball
1-2: Foul Ball, location: 2F
1-2: Foul Ball, location: 2F
1-2: Strikes out swinging
Pitching: LHP Sicnarf Loopstok
Batting: RHB Jon Moon 0-0: Ball
1-0: Ball
2-0: Called Strike
2-1: Swinging Strike
2-2: Strikes out swinging
Top of the 9th over - 0 runs, 1 hit, 0 errors, 2 left on base; Ft. Polk South 3 - San Bernardino 8
Wednesday, September 19th, 2018 - OOTP Baseball 18.8 Build 76